Unix NetHack Version 5.0.0-0 post-release - last build May 23 2026 06:08:33 (1c0ff79ee797540d5714e4e18072db0edd9e58ae,branch:main).

Game began 2026-05-24 19:06:16, ended 2026-05-24 23:04:27.

Doran, lawful male human Samurai

                                                                  ----------
                                                               %##-........|
     ----.-                                                  ###  |..<.....|
     |.@..%)#                                          ###########-........|
     |.o..| #                                     ######   ####   ----------
     |h%..| #                                     #-----  ##
     |.h..| #                                     #|...-###
     |....%##                                 #%###-..>|
     ------ #                                  #   |...|
            ###                                #   -----
              ##                               #
               #--------.----         #-----.--#
               #|...`.......|     #####|<......#
               #|....[.......###### ###|......|
               #............|         #|......|
                -------------         #.......|
                                       --------

Doran the Ninja        St:16 Dx:18 Co:18 In:8 Wi:8 Ch:8  Lawful S:9608
Dlvl:6  $:742 HP:0(89) Pw:27(27) AC:0  Xp:8 T:6054  Burdened

Latest messages:
 The gnome queen turns to flee.
 You kill the bugbear!
 The kobold shaman casts a spell at you!
 Your brain is on fire!
 You kill the gnome queen!
 The kobold shaman points at you, then curses.
 You kill the kobold shaman!
 You have a little trouble lifting v - a pink potion.
 You see here a chest.
 Hmmm, the chest turns out to be locked.
 Unlock it with your key? [ynq] (q) y
 You succeed in unlocking the chest.
 You have a little trouble removing $ - 78 gold pieces (742 in total).
 Your knapsack cannot accommodate any more items.
 You see here an unlocked chest containing 1 item.
 What do you want to drop? [$a-zA-Z or ?*] K
 You drop 3 violet gems.
 You see here an unlocked chest containing 1 item.
 You have a little trouble removing K - a yellow potion.
 You sit on the opulent throne.
 You feel somehow out of place...
 You sit on the opulent throne.
 A voice echoes:
 "Thine audience hath been summoned, Sire!"
 A bugbear suddenly appears next to you!
 A bugbear suddenly appears next to you!
 A hobgoblin suddenly appears next to you!
 A hill orc suddenly appears next to you!
 A bugbear suddenly appears next to you!
 The throne vanishes in a puff of logic.
 The hill orc hits!
 The hobgoblin wields an orcish dagger!
 The bugbear misses!
 You kill the hobgoblin!
 The bugbear hits!
 The hill orc hits!
 The bugbear hits!
 You see here an orcish dagger.
 You hit the bugbear!
 The bugbear picks up an empty unlocked chest.
 The bugbear picks up 3 violet gems.
 The bugbear hits!
 You kill the bugbear!
 The hill orc hits!
 The hill orc misses!
 The bugbear picks up an orcish dagger.
 The hill orc hits!
 You die...
 Do you want your possessions identified? [ynq] (y) y
 Do you want to see your attributes? [ynq] (y) q

Inventory:
 Coins    ('$')
  $ - 742 gold pieces
 Amulets  ('"')
  I - an uncursed amulet of guarding
 Weapons  (')')
  q - a blessed +1 arrow
  H - 26 +0 arrows
  s - 8 +3 elven arrows
  D - 6 +1 elven arrows
  L - 10 rotted +0 elven arrows
  C - 10 +0 ya (in quiver)
  d - a +0 yumi
  b - a +0 katana (alternate weapon; not wielded)
  c - a +0 wakizashi
  a - the rustproof +0 Snickersnee (weapon in right hand)
 Armor    ('[')
  h - a blessed +2 elven leather helm (being worn)
  X - a cursed +0 pair of elven boots
  u - an uncursed +0 pair of iron shoes (being worn)
  W - an uncursed +0 mummy wrapping
  G - a cursed +0 elven mithril-coat (being worn)
 Comestibles  ('%')
  Q - an uncursed clove of garlic
  S - an uncursed fortune cookie
  w - 4 uncursed gunyoki
  n - an uncursed sprig of wolfsbane
  e - 2 uncursed tripe rations
 Scrolls  ('?')
  o - an uncursed scroll of blank paper
  J - 2 uncursed scrolls of create monster
  O - an uncursed scroll of light
  m - a blessed scroll of remove curse
  N - 2 uncursed scrolls of teleportation
  f - a cursed scroll of teleportation
 Spellbooks  ('+')
  l - an uncursed spellbook of confuse monster
 Potions  ('!')
  R - a blessed potion of blindness
  r - an uncursed potion of confusion
  v - a cursed potion of extra healing
  z - an uncursed potion of hallucination
  K - an uncursed potion of monster detection
  y - an uncursed potion of object detection
  F - an uncursed potion of sleeping
  i - 2 potions of holy water
  j - an uncursed potion of water
 Wands    ('/')
  T - a wand of digging (0:6)
  t - a wand of light (0:2)
  V - a wand of striking (0:6)
 Tools    ('(')
  U - an uncursed tooled horn
  Z - an uncursed blindfold
  g - an expensive camera (0:95)
  x - an uncursed magic whistle
  A - an uncursed mirror
  E - an uncursed mirror
  Y - an uncursed oil lamp
  p - a +0 pick-axe
  k - an uncursed skeleton key
  B - an uncursed tallow candle
  M - an uncursed tin opener
  P - a blessed +0 unicorn horn

Doran the Samurai's attributes:

Background:
 You were a Ninja, a level 8 male human Samurai.
 You were lawful, on a mission for Amaterasu Omikami
 who was opposed by Raijin (neutral) and Susanowo (chaotic).
 You were right-handed.
 You were in the Dungeons of Doom, on level 6.
 You entered the dungeon 6054 turns ago.
 It was nighttime.
 You had 2104 experience points, 456 more were needed to attain level 9.
 Your score was 9608 before end-of-game adjustments.

Basics:
 You had 0 out of 89 hit points.
 You had all 27 energy points (spell power).
 Your armor class was 0.
 Your wallet contained 742 zorkmids.
 Autopickup was on for '$"?/=+!*' plus thrown, with exceptions.

Final Characteristics:
 Your strength was 16 (peak:18, limit:18/100).
 Your dexterity was 18 (limit:18).
 Your constitution was 18 (limit:18).
 Your intelligence was 8 (limit:18).
 Your wisdom was 8 (limit:18).
 Your charisma was 8 (limit:18).

Final Status:
 You weren't hungry.
 You were burdened; movement was slightly slowed.
 You were wielding a long sword.
 You had expert skill with long sword.

Final Attributes:
 You were piously aligned.
 You were telepathic.
 You were guarded.
 You were fast.
 You are dead.

Miscellaneous:
 You encountered 1 bones level.
 Total elapsed playing time was 1 hour, 17 minutes and 22 seconds.

Major events:
 Turn
    1: Doran the lawful male human Samurai entered the dungeon
 1352: attained the rank of Ronin (level 3)
 1544: entered the Gnomish Mines
 2361: attained the rank of Ninja (level 6)
 3068: reached Mine Town
 3217: was bestowed with Snickersnee by Amaterasu Omikami
 6054: killed by a hill orc

You didn't know any spells.

Skills:
 Fighting Skills
   martial arts      [Basic]
   two weapon combat [Basic]
   riding            [Unskilled]
 Weapon Skills
   dagger            [Unskilled]
   knife             [Unskilled]
   short sword       [Basic]
   broadsword        [Unskilled]
   long sword        [Expert]
   two-handed sword  [Unskilled]
   saber             [Unskilled]
   flail             [Unskilled]
   quarterstaff      [Unskilled]
   polearms          [Unskilled]
   spear             [Unskilled]
   lance             [Unskilled]
   bow               [Basic]
   shuriken          [Unskilled]
 Spellcasting Skills
   attack spells     [Unskilled]
   divination spells [Unskilled]
   clerical spells   [Unskilled]

Voluntary challenges:
 Character rerolling was not enabled.
 You never genocided any monsters.
 You never polymorphed an object.
 You never changed form.
 You used no wishes.
Achievements:
 You entered a shop.
 You attained the rank of Ronin.
 You entered the Gnomish Mines.
 You attained the rank of Ninja.
 You entered Minetown.
 You entered a temple.

 The Dungeons of Doom: levels 1 to 7
    Level 1:
    Level 2:
       A sink.
    Level 3:
       An armor shop.
    Level 4:
       A general store.
       Stairs down to The Gnomish Mines.
    Level 5:
       Many fountains.
       Oracle of Delphi.
    Level 6: <- You were here.
       Final resting place for
          you, killed by a hill orc.
    Level 7:
       Final resting place for
          chris3141592653-Wiz-Elf-Mal-Cha, killed by a housecat,
          bathbombman-Kni-Hum-Fem-Law, killed by an Uruk-hai, while frozen by a floating eye's gaze.
 The Gnomish Mines: levels 5 to 9
    Level 5:
    Level 6:
    Level 7:
    Level 8:
       Many shops, a temple and an altar to Amaterasu Omikami, many fountains.
    Level 9:


Vanquished creatures:
  a ghost
  2 small mimics
  a chameleon
  2 giant beetles
  a leprechaun
  a vampire bat
  2 gnome rulers
 an orc mummy
  a gold golem
  a dingo
  2 jaguars
  a gray unicorn
  a dust vortex
  a snake
  a rope golem
  2 Woodland-elves
  4 bugbears
  a wood nymph
  a mountain nymph
  2 rock moles
  2 fog clouds
  2 shriekers
 13 gnome leaders
  6 gnomish wizards
  a kobold mummy
  a little dog
  4 floating eyes
  2 dwarves
  2 homunculi
  a kobold leader
  2 kobold shamans
  3 giant bats
  a wererat
  a werejackal
  5 iguanas
  3 coyotes
  a gas spore
  4 large kobolds
  8 hobgoblins
  2 cave spiders
  a yellow mold
 44 gnomes
  3 gnome zombies
  3 geckos
  6 jackals
  a fox
  a kobold
  a goblin
  6 grid bugs
  2 bats
  3 lichens
 13 newts
177 creatures vanquished.

No species were genocided or became extinct.

Game over:
                       ----------
                      /          \
                     /    REST    \
                    /      IN      \
                   /     PEACE      \
                  /                  \
                  |      Doran       |
                  |      742 Au      |
                  | killed by a hill |
                  |       orc        |
                  |                  |
                  |                  |
                  |       2026       |
                 *|     *  *  *      | *
        _________)/\\_//(\/(/\)/\//\/|_)_______

Sayonara Doran the Samurai...

You died in The Dungeons of Doom on dungeon level 6 with 9534 points,
and 742 pieces of gold, after 6054 moves.
You were level 8 with a maximum of 89 hit points when you died.

